 Dungeon Crawl Stone Soup version 0.29.1-2-gbd0b4ee654 (webtiles) character file.

Game seed: 16753256926395452488

73 qeuew the Ducker (level 4, 0/34 HPs)
             Began as a Merfolk Gladiator on Nov 10, 2022.
             Slain by a goblin
             ... wielding a +0 dagger
             ... led by Robin
              (5 damage)
             ... on level 2 of the Dungeon.
             The game lasted 00:01:35 (1252 turns).

qeuew the Ducker (Merfolk Gladiator)                Turns: 1252, Time: 00:01:35

Health: 0/34       AC:  8    Str: 16    XL:     4   Next: 27%
Magic:  4/4        EV: 13    Int:  7    God:
Gold:   50         SH:  0    Dex: 15    Spells: 3/3 levels left

rFire   . . .      SeeInvis .   a - +0 trident
rCold   . . .      Faith    .   (no shield)
rNeg    . . .      Spirit   .   b - +0 leather armour
rPois   .          Reflect  .   c - +0 helmet
rElec   .          Harm     .   (no cloak)
rCorr   .          Rampage  .   (no gloves)
Will    .....                   (no boots)
Stlth   +.........              (no amulet)
HPRegen 0.11/turn               l - +4 ring of protection
MPRegen 0.09/turn               (no ring)

@: no status effects
A: (nimble swimmer 2), mertail
a: no special abilities


You were on level 2 of the Dungeon.
You visited 1 branch of the dungeon, and saw 2 of its levels.

You collected 50 gold pieces.

Inventory:

Hand Weapons
 a - a +0 trident (weapon)
Missiles
 d - 2 throwing nets (quivered)
 e - a javelin
Armour
 b - a +0 leather armour (worn)
 c - a +0 helmet (worn)
Jewellery
 l - a +4 ring of protection (left hand)
Scrolls
 g - a scroll of teleportation
 j - a scroll of butterflies
Potions
 f - a potion of ambrosia {unknown}


   Skills:
 + Level 2.9 Fighting
 + Level 4.6 Polearms
 + Level 2.6 Throwing
 + Level 1.0 Armour
 + Level 4.6 Dodging


You had 3 spell levels left.
You didn't know any spells.
Your spell library was empty.

Dungeon Overview and Level Annotations

Branches:
Dungeon (2/15)

Altars:

Shops:
D:1 (


Innate Abilities, Weirdness & Mutations

((You are very nimble when in or above water. (Stealth+, EV+, Speed+++)))
Your lower body shifts to a powerful aquatic tail in water.


Message History

The hobgoblin barely misses you.
You hit Robin but do no damage.
Robin is lightly wounded.
The hobgoblin barely misses you.
The goblin hits you with a +0 dagger. x2
The goblin hits you but does no damage. The hobgoblin closely misses you.
Robin hits you but does no damage.
You hit Robin.
Robin is heavily wounded.
The hobgoblin misses you.
The goblin hits you but does no damage. x2
The hobgoblin completely misses you. The goblin hits you with a +0 dagger.
You hit Robin.
Robin is heavily wounded.
The hobgoblin hits you.
* * * LOW HITPOINT WARNING * * *
The hobgoblin barely misses you. The goblin misses you.
Robin barely misses you. The goblin closely misses you.
The goblin hits you with a +0 dagger.
* * * LOW HITPOINT WARNING * * *
Throw: 3 throwing nets
Press: ? - help, Q - select action, (/) - cycle Shift-Dir - straight line, f - Robin
Aim: Robin, wielding a +0 spear of freezing, wearing a +0 animal skin and wearing a +0 helmet (heavily wounded, 68% to hit)
You throw a throwing net. The throwing net hits Robin.
Robin is caught in the net!
Robin is heavily wounded.
The hobgoblin barely misses you. x2; The goblin closely misses you.
Robin struggles against the net.
The goblin hits you but does no damage. The goblin closely misses you.
You hit Robin.
Robin is severely wounded.
The hobgoblin barely misses you. The goblin completely misses you.
The goblin hits you but does no damage. The goblin hits you with a +0 dagger.
* * * LOW HITPOINT WARNING * * *
The hobgoblin misses you.
Robin struggles against the net.
You catch the helpless Robin completely off-guard!
You puncture Robin!
You kill Robin!
The goblin misses you.
The hobgoblin hits you but does no damage.
The goblin hits you with a +0 dagger.
You die...

#...#.....##
#.#...#.##...##....... #
#.....#.#...# #.###.##
#.#....#...... #.#...รท.
..........#######.#.#.#.
###### ...............
..#.#... <....#
...........##.#.# # #...
####.# .......gg..#<..
##.. #.# ......)@gg.#.#
#.. #.# ......gg##...+
#.. #.# ........##.#.#
..... #.#
........##.#.##+# #..#..
#.#
........##.#..#.###..##.
###.#
........##.##........##.
#...#
##########.###..........
#.### #......#.......
#.# #..............


You could see 2 hobgoblins and 4 goblins.

Vanquished Creatures
  Jessica (D:2)
  Robin (D:2)
  A worm (D:2)
  A dart slug (D:1)
  5 ball pythons
  3 bats
  2 endoplasms
  3 giant cockroaches
  6 goblins
  3 jackals (D:2)
  2 quokkas (D:1)
  2 frilled lizards
  7 kobolds
  4 rats
41 creatures vanquished.

Notes
Turn   | Place    | Note
-------+----------+-------------------------------------------
     0 | D:1      | qeuew the Merfolk Gladiator began the quest for the Orb.
     0 | D:1      | Reached XP level 1. HP: 16/16 MP: 1/1
    52 | D:1      | Found Qojany's Antique Weapon Shoppe.
    64 | D:1      | Reached XP level 2. HP: 19/23 MP: 2/2
   502 | D:1      | Reached XP level 3. HP: 19/28 MP: 3/3
  1058 | D:2      | Noticed Jessica
  1062 | D:2      | Killed Jessica
  1063 | D:2      | Reached skill level 1 in Armour
  1063 | D:2      | Reached XP level 4. HP: 34/34 MP: 4/4
  1235 | D:2      | Noticed Robin
  1252 | D:2      | Killed Robin
  1252 | D:2      | Slain by a goblin

Illustrated notes

Levels and vault maps discovered:
D:1:      mrwooster_arrival_statue, layout_rooms, serial_shops, shop
D:2:      layout_basic, dilly_ecumenical_altar_fadedgnrine, uniq_robin,
          uniq_jessica

Skill      XL: |  1  2  3 |
---------------+----------+-----
Armour         | 1 |  1.0
Fighting       | |  2.9
Polearms       | |  4.6
Throwing       | |  2.6
Dodging        | |  4.6

Action                   |  1- 3 |  4- 6 || total
-------------------------+-------+-------++-------
Melee: Trident           |   103 |    34 ||   137
       Punch             |     1 |       ||     1
Throw: Throwing net      |       |     1 ||     1
  Use: Scroll            |     5 |       ||     5
 Stab: Sleeping          |     1 |       ||     1
       Held in net/web   |       |     1 ||     1
Armor: Leather armour    |    29 |    38 ||    67
Dodge: Dodged            |    51 |    72 ||   123
